PUBAAA
MISSION BAY MOUNTAIN DUCKS @ FRESNO RAISIN GROWERS
09/08/1972
 
TOP OF THE 1ST
Mission Bay Mountain Ducks batting - Pitching for Fresno Raisin Growers : RHP Clarence Boyd
Pitching: RHP Clarence Boyd
Batting: RHB Eric O'Neill 0-0: Ground out 6-3 (Groundball, 6, EV 105.0 MPH)
Batting: LHB Jim Burke 0-0: Swinging Strike
0-1: Ball
1-1: Foul Ball, location: 7LDF
1-2: Strikes out looking
Batting: LHB Sean Gaines 0-0: Foul Ball, location: 23F
0-1: Ground out U3 (Groundball, 3, EV 85.0 MPH)
Top of the 1st over - 0 runs, 0 hits, 0 errors, 0 left on base; Mission Bay 0 - Fresno 0
BOTTOM OF THE 1ST
Fresno Raisin Growers batting - Pitching for Mission Bay Mountain Ducks : RHP Paul Poe
Pitching: RHP Paul Poe
Batting: RHB Sean Jones 0-0: Foul Ball, location: 9LSF
0-1: Called Strike
0-2: Ground out 6-3 (Groundball, 6MS, EV 86.3 MPH)
Batting: RHB Lee Lacy 0-0: Ball
1-0: Ball
2-0: Called Strike
2-1: Called Strike
2-2: Strikes out looking
Batting: RHB Doug McLerie 0-0: Ball
1-0: Ball
2-0: Ball
3-0: Called Strike
3-1: Swinging Strike
3-2: Foul Ball, location: 7LMF
3-2: Foul Ball, location: 5SF
3-2: Strikes out swinging
Bottom of the 1st over - 0 runs, 0 hits, 0 errors, 0 left on base; Mission Bay 0 - Fresno 0
TOP OF THE 2ND
Mission Bay Mountain Ducks batting - Pitching for Fresno Raisin Growers : RHP Clarence Boyd
Batting: RHB Jochen Blonke 0-0: Ball
1-0: Ball
2-0: Ball
3-0: Called Strike
3-1: Base on Balls
Batting: LHB Martin Dalton 0-0: Foul Ball, location: 5SF
0-1: Ball
1-1: Foul Ball, location: 23FF
1-2: Foul Ball, location: 5F
1-2: Foul Ball, location: 25F
1-2: Fly out, F6 (Line Drive, 6, EV 75.6 MPH)
Lined into DP, 6-3 (Line Drive, 6, EV 75.6 MPH)
Batting: RHB Denis Menke 0-0: Ball
1-0: Called Strike
1-1: Ball
2-1: Ground out 5-3 (Groundball, 56, EV 86.9 MPH)
Top of the 2nd over - 0 runs, 0 hits, 0 errors, 0 left on base; Mission Bay 0 - Fresno 0
BOTTOM OF THE 2ND
Fresno Raisin Growers batting - Pitching for Mission Bay Mountain Ducks : RHP Paul Poe
Batting: LHB José Ramos 0-0: Foul Ball, location: 23F
0-1: Ball
1-1: Foul Ball, location: 7LSF
1-2: Strikes out swinging
Batting: RHB Lynn Moon 0-0: Called Strike
0-1: Swinging Strike
0-2: Ball
1-2: Foul Ball, location: 5FF
1-2: SINGLE (Groundball, P, EV 90.6 MPH) (infield hit)
Batting: RHB Dusty Baker 0-0: Ball
1-0: Ball
2-0: Ball
3-0: Base on Balls
Lynn Moon to second
Batting: RHB Nenad Savicevic 0-0: Called Strike
0-1: Called Strike
0-2: Ball
1-2: Foul Ball, location: 5F
1-2: Strikes out looking
Batting: RHB Manny Sanguillen 0-0: DOUBLE (Line Drive, 9LS, EV 97.5 MPH)
Lynn Moon scores
Dusty Baker to third
Batting: RHB Millard Patrick 0-0: Foul Ball, location: 3FF
0-1: Ball
1-1: Ball
2-1: Foul Ball, location: 2F
2-2: Foul Ball, location: 9LSF
2-2: Strikes out swinging
Bottom of the 2nd over - 1 run, 2 hits, 0 errors, 2 left on base; Mission Bay 0 - Fresno 1
TOP OF THE 3RD
Mission Bay Mountain Ducks batting - Pitching for Fresno Raisin Growers : RHP Clarence Boyd
Batting: RHB Daniel Bonner 0-0: Ball
1-0: Ground out 4-3 (Groundball, 4, EV 81.9 MPH)
Batting: RHB Mike Bishop 0-0: Foul Ball, location: 23FF
0-1: Ball
1-1: Ball
2-1: Ball
3-1: Foul Ball, location: 9LMF
3-2: Fly out, F1 (Line Drive, P, EV 68.8 MPH)
Batting: RHB Gene Oliver 0-0: Ball
1-0: Ball
2-0: Ground out 5-3 (Groundball, 56, EV 86.9 MPH)
Top of the 3rd over - 0 runs, 0 hits, 0 errors, 0 left on base; Mission Bay 0 - Fresno 1
BOTTOM OF THE 3RD
Fresno Raisin Growers batting - Pitching for Mission Bay Mountain Ducks : RHP Paul Poe
Batting: RHB Sean Jones 0-0: Ball
1-0: Called Strike
1-1: Ball
2-1: Ball
3-1: Ground out 6-3 (Groundball, 6, EV 108.1 MPH)
Batting: RHB Lee Lacy 0-0: Foul Ball, location: 2LF
0-1: Ball
1-1: SINGLE (Line Drive, 7LS, EV 110.0 MPH)
Batting: RHB Doug McLerie 0-0: Called Strike
0-1: Ball
1-1: Ball
2-1: Ball
3-1: SINGLE (Line Drive, 6D, EV 103.8 MPH)
Lee Lacy to second
Batting: LHB José Ramos 0-0: Ball
1-0: Ball
2-0: Ball
3-0: Called Strike
3-1: Fly out, F9 (Flyball, 9LD, EV 105.0 MPH)
Runner from 2nd tags up, SAFE at 3rd, no throw by RF
Batting: RHB Lynn Moon 0-0: Called Strike
Doug McLerie is caught stealing 2nd base 2-4
Bottom of the 3rd over - 0 runs, 2 hits, 0 errors, 1 left on base; Mission Bay 0 - Fresno 1
TOP OF THE 4TH
Mission Bay Mountain Ducks batting - Pitching for Fresno Raisin Growers : RHP Clarence Boyd
Batting: RHB Eric O'Neill 0-0: Ball
1-0: Called Strike
1-1: Ball
2-1: Called Strike
2-2: Ball
3-2: Base on Balls
Batting: LHB Jim Burke 0-0: Sac Bunt to 15S - play at first, batter OUT! 1-3
Eric O'Neill to second
Batting: LHB Sean Gaines 0-0: Called Strike
0-1: Swinging Strike
0-2: Ball
1-2: Strikes out swinging
Batting: RHB Jochen Blonke 0-0: Ball
1-0: Ball
2-0: SINGLE (Groundball, 6MD, EV 103.8 MPH)
Eric O'Neill to third
Runner from 3rd tries for Home, SAFE, throw by CF to home
Jochen Blonke to second
Batting: LHB Martin Dalton 0-0: Ball
1-0: Ball
2-0: Called Strike
2-1: Called Strike
2-2: Strikes out swinging
Top of the 4th over - 1 run, 1 hit, 0 errors, 1 left on base; Mission Bay 1 - Fresno 1
BOTTOM OF THE 4TH
Fresno Raisin Growers batting - Pitching for Mission Bay Mountain Ducks : RHP Paul Poe
Batting: RHB Lynn Moon 0-0: Foul Ball, location: 7LMF
0-1: SINGLE (Groundball, 6MD, EV 96.3 MPH)
Batting: RHB Dusty Baker 0-0: Sac Bunt to 15S - play at first, batter OUT! 1-3
Lynn Moon to second
Batting: RHB Nenad Savicevic 0-0: Called Strike
0-1: Foul Ball, location: 9LSF
0-2: Strikes out swinging
Batting: RHB Manny Sanguillen 0-0: Ball
1-0: Called Strike
1-1: Ball
2-1: Fly out, F8 (Flyball, 8RXD, EV 85.0 MPH)
Bottom of the 4th over - 0 runs, 1 hit, 0 errors, 1 left on base; Mission Bay 1 - Fresno 1
TOP OF THE 5TH
Mission Bay Mountain Ducks batting - Pitching for Fresno Raisin Growers : RHP Clarence Boyd
Batting: RHB Denis Menke 0-0: Called Strike
0-1: Ball
1-1: Ball
2-1: Ground out 4-3 (Groundball, 4M, EV 80.6 MPH)
Batting: RHB Daniel Bonner 0-0: Called Strike
0-1: Called Strike
0-2: Ball
1-2: Ball
2-2: Ball
3-2: Foul Ball, location: 5DF
3-2: Ground out 6-3 (Groundball, 56, EV 102.5 MPH)
Batting: RHB Mike Bishop 0-0: Called Strike
0-1: Ground out 5-3 (Groundball, 56, EV 81.9 MPH)
Top of the 5th over - 0 runs, 0 hits, 0 errors, 0 left on base; Mission Bay 1 - Fresno 1
BOTTOM OF THE 5TH
Fresno Raisin Growers batting - Pitching for Mission Bay Mountain Ducks : RHP Paul Poe
Batting: RHB Millard Patrick 0-0: Ball
1-0: Ball
2-0: Ball
3-0: Called Strike
3-1: Ground out U3 (Groundball, 34, EV 83.1 MPH)
Batting: RHB Sean Jones 0-0: Ball
1-0: Called Strike
1-1: Swinging Strike
1-2: Strikes out swinging
Batting: RHB Lee Lacy 0-0: Called Strike
0-1: Ball
1-1: Swinging Strike
1-2: Strikes out swinging
Bottom of the 5th over - 0 runs, 0 hits, 0 errors, 0 left on base; Mission Bay 1 - Fresno 1
TOP OF THE 6TH
Mission Bay Mountain Ducks batting - Pitching for Fresno Raisin Growers : RHP Clarence Boyd
Batting: RHB Gene Oliver 0-0: Ball
1-0: Fly out, F8 (Flyball, 8RXD, EV 110.0 MPH)
Batting: RHB Eric O'Neill 0-0: Reached on error, E6 (Groundball, 6, EV 86.9 MPH)
Batting: LHB Jim Burke 0-0: Ball
1-0: Ball
2-0: Ball
3-0: Called Strike
3-1: Base on Balls
Eric O'Neill to second
Batting: LHB Sean Gaines 0-0: Fly out, F8 (Line Drive, 8RM, EV 95.6 MPH)
Batting: RHB Jochen Blonke 0-0: Ground out 1-3 (Groundball, 15, EV 65.6 MPH)
Top of the 6th over - 0 runs, 0 hits, 1 error, 2 left on base; Mission Bay 1 - Fresno 1
BOTTOM OF THE 6TH
Fresno Raisin Growers batting - Pitching for Mission Bay Mountain Ducks : RHP Paul Poe
Batting: RHB Doug McLerie 0-0: Called Strike
0-1: Ball
1-1: Fly out, F9 (Flyball, 9, EV 91.3 MPH)
Batting: LHB José Ramos 0-0: Ball
1-0: Called Strike
1-1: Called Strike
1-2: Ball
2-2: Strikes out swinging
Batting: RHB Lynn Moon 0-0: Fly out, F7 (Flyball, 7, EV 87.5 MPH)
Bottom of the 6th over - 0 runs, 0 hits, 0 errors, 0 left on base; Mission Bay 1 - Fresno 1
TOP OF THE 7TH
Mission Bay Mountain Ducks batting - Pitching for Fresno Raisin Growers : RHP Clarence Boyd
Batting: LHB Martin Dalton 0-0: Swinging Strike
0-1: Ball
1-1: Foul Ball, location: 2F
1-2: Ball
2-2: Strikes out swinging
Batting: RHB Denis Menke 0-0: Ball
1-0: Foul Ball, location: 9LSF
1-1: SINGLE (Groundball, 56D, EV 107.5 MPH)
Batting: RHB Daniel Bonner 0-0: Ball
1-0: Ball
2-0: Called Strike
2-1: Ball
3-1: Grounds into double play, 1-6-3 (Groundball, 13, EV 65.0 MPH)
Top of the 7th over - 0 runs, 1 hit, 0 errors, 0 left on base; Mission Bay 1 - Fresno 1
BOTTOM OF THE 7TH
Fresno Raisin Growers batting - Pitching for Mission Bay Mountain Ducks : RHP Paul Poe
Batting: RHB Dusty Baker 0-0: Ball
1-0: Ball
2-0: SINGLE (Line Drive, 6MD, EV 104.4 MPH)
Pinch Hitting: LHB Chet Elliott 0-0: Ball
Dusty Baker is caught stealing 2nd base 2-6
1-0: Called Strike
1-1: Called Strike
1-2: Foul Ball, location: 23FF
1-2: Ball
2-2: Ball
3-2: Foul Ball, location: 2F
3-2: Base on Balls
Batting: RHB Manny Sanguillen 0-0: Ball
1-0: Called Strike
Chet Elliott steals 2nd base
1-1: Ball
2-1: Fly out, F3 (Popup, 3SF, EV 66.3 MPH)
Batting: RHB Millard Patrick 0-0: Ball
1-0: Called Strike
1-1: Ball
2-1: Swinging Strike
2-2: Foul Ball, location: 9LSF
2-2: Foul Ball, location: 2F
2-2: Foul Ball, location: 2F
2-2: Foul Ball, location: 25FF
2-2: Foul Ball, location: 3F
2-2: Ball
3-2: Ground out U3 (Groundball, 3, EV 96.9 MPH)
Bottom of the 7th over - 0 runs, 1 hit, 0 errors, 1 left on base; Mission Bay 1 - Fresno 1
TOP OF THE 8TH
Mission Bay Mountain Ducks batting - Pitching for Fresno Raisin Growers : RHP Clarence Boyd
Now at SS: Chet Elliott
Pinch Hitting: LHB Octávio Félix 0-0: Called Strike
0-1: Ball
1-1: Swinging Strike
1-2: Ball
2-2: Ball
3-2: Base on Balls
Batting: RHB Gene Oliver 0-0: Called Strike
0-1: Ball
1-1: Ball
2-1: Called Strike
2-2: Fly out, F9 (Flyball, 9S, EV 83.8 MPH)
Pitching: LHP Jim Ollom
Batting: RHB Eric O'Neill 0-0: Ball
Octávio Félix is caught stealing 2nd base 2-4
1-0: Swinging Strike
1-1: Fly out, F8 (Line Drive, 8RM, EV 105.6 MPH)
Top of the 8th over - 0 runs, 0 hits, 0 errors, 0 left on base; Mission Bay 1 - Fresno 1
BOTTOM OF THE 8TH
Fresno Raisin Growers batting - Pitching for Mission Bay Mountain Ducks : RHP Paul Poe
Pitching: RHP Miguel Fuentes
Now at SS: Jerry Buchek
Batting: RHB Sean Jones 0-0: Ball
1-0: Ground out 6-3 (Groundball, 6, EV 110.0 MPH)
Batting: RHB Lee Lacy 0-0: Ground out 4-3 (Groundball, 34, EV 98.8 MPH)
Batting: RHB Doug McLerie 0-0: Ball
1-0: Swinging Strike
1-1: Ball
2-1: Ball
3-1: Called Strike
3-2: Ground out 5-3 (Groundball, 5, EV 86.9 MPH)
Bottom of the 8th over - 0 runs, 0 hits, 0 errors, 0 left on base; Mission Bay 1 - Fresno 1
TOP OF THE 9TH
Mission Bay Mountain Ducks batting - Pitching for Fresno Raisin Growers : LHP Jim Ollom
Pinch Hitting: RHB Nick Grimes 0-0: Called Strike
0-1: Ball
1-1: Swinging Strike
1-2: Strikes out swinging
Batting: LHB Sean Gaines 0-0: Foul Ball, location: 7LDF
0-1: Foul Ball, location: 23F
0-2: Strikes out looking
Batting: RHB Jochen Blonke 0-0: Called Strike
0-1: Ball
1-1: Foul Ball, location: 2F
1-2: Strikes out swinging
Top of the 9th over - 0 runs, 0 hits, 0 errors, 0 left on base; Mission Bay 1 - Fresno 1
BOTTOM OF THE 9TH
Fresno Raisin Growers batting - Pitching for Mission Bay Mountain Ducks : RHP Miguel Fuentes
Now in LF: Mike Fiore
Batting: LHB José Ramos 0-0: Fly out, F7 (Line Drive, 7, EV 96.3 MPH)
Batting: RHB Lynn Moon 0-0: Ball
1-0: Ground out 5-3 (Groundball, 56, EV 80.0 MPH)
Batting: RHB Dusty Baker 0-0: Ball
1-0: Swinging Strike
1-1: Ball
2-1: Foul Ball, location: 9LSFF
2-2: Ball
3-2: Strikes out swinging
Bottom of the 9th over - 0 runs, 0 hits, 0 errors, 0 left on base; Mission Bay 1 - Fresno 1
TOP OF THE 10TH
Mission Bay Mountain Ducks batting - Pitching for Fresno Raisin Growers : LHP Jim Ollom
Batting: LHB Martin Dalton 0-0: Called Strike
0-1: Foul Ball, location: 3F
0-2: Ball
1-2: Strikes out looking
Batting: RHB Denis Menke 0-0: Called Strike
0-1: Ball
1-1: Foul Ball, location: 2F
1-2: Fly out, F8 (Line Drive, 8RM, EV 92.5 MPH)
Batting: RHB Daniel Bonner 0-0: Swinging Strike
0-1: Ball
1-1: Ball
2-1: SINGLE (Groundball, 4MD, EV 103.1 MPH)
Pitching: RHP Zack Barrett
Batting: RHB Jerry Buchek 0-0: Ball
1-0: Foul Ball, location: 23FF
1-1: Foul Ball, location: 2F
1-2: Strikes out swinging
Top of the 10th over - 0 runs, 1 hit, 0 errors, 1 left on base; Mission Bay 1 - Fresno 1
BOTTOM OF THE 10TH
Fresno Raisin Growers batting - Pitching for Mission Bay Mountain Ducks : RHP Miguel Fuentes
Batting: LHB Chet Elliott 0-0: Called Strike
0-1: Foul Ball, location: 2F
0-2: Ball
1-2: Foul Ball, location: 5F
1-2: Fly out, F8 (Flyball, 8LM, EV 86.3 MPH)
Batting: RHB Manny Sanguillen 0-0: Ball
1-0: DOUBLE (Flyball, 89XD, EV 104.4 MPH)
Batting: RHB Millard Patrick 0-0: Fly out, F6 (Line Drive, 4M, EV 68.8 MPH)
Batting: RHB Sean Jones 0-0: Fly out, F7 (Flyball, 7LS, EV 72.5 MPH)
Bottom of the 10th over - 0 runs, 1 hit, 0 errors, 1 left on base; Mission Bay 1 - Fresno 1
TOP OF THE 11TH
Mission Bay Mountain Ducks batting - Pitching for Fresno Raisin Growers : RHP Zack Barrett
Batting: RHB Gene Oliver 0-0: Called Strike
0-1: Fly out, F7 (Flyball, 7D, EV 91.3 MPH)
Batting: RHB Eric O'Neill 0-0: Called Strike
0-1: Ball
1-1: Swinging Strike
1-2: Fly out, F7 (Line Drive, 7, EV 97.5 MPH)
Batting: LHB Mike Fiore 0-0: Swinging Strike
0-1: Foul Ball, location: 9LMF
0-2: Foul Ball, location: 3FF
0-2: Fly out, F9 (Flyball, 9, EV 99.4 MPH)
Top of the 11th over - 0 runs, 0 hits, 0 errors, 0 left on base; Mission Bay 1 - Fresno 1
BOTTOM OF THE 11TH
Fresno Raisin Growers batting - Pitching for Mission Bay Mountain Ducks : RHP Miguel Fuentes
Batting: RHB Lee Lacy 0-0: Ball
1-0: Foul Ball, location: 9LMF
1-1: Foul Ball, location: 9LSF
1-2: Ground out U3 (Groundball, 34, EV 80.0 MPH)
Batting: RHB Doug McLerie 0-0: Ball
1-0: Ball
2-0: Foul Ball, location: 2F
2-1: Ball
3-1: Base on Balls
Pitching: RHP Bill Burbach
Batting: LHB José Ramos 0-0: Ball
1-0: Foul Ball, location: 23F
1-1: Ball
2-1: Foul Ball, location: 2LF
2-2: Fly out, F8 (Flyball, 8RS, EV 92.5 MPH)
Batting: RHB Lynn Moon 0-0: Called Strike
0-1: Ball
1-1: Ball
2-1: Foul Ball, location: 9LSF
2-2: Strikes out swinging
Bottom of the 11th over - 0 runs, 0 hits, 0 errors, 1 left on base; Mission Bay 1 - Fresno 1
TOP OF THE 12TH
Mission Bay Mountain Ducks batting - Pitching for Fresno Raisin Growers : RHP Zack Barrett
Batting: LHB Sean Gaines 0-0: Ball
1-0: SINGLE (Groundball, 6, EV 78.8 MPH) (infield hit)
Batting: RHB Jochen Blonke 0-0: Swinging Strike
0-1: Ball
1-1: Ball
2-1: SINGLE (Flyball, 89M, EV 95.0 MPH)
Sean Gaines to second
Batting: LHB Martin Dalton 0-0: Called Strike
0-1: Ball
1-1: Foul Ball, location: 2F
1-2: Ball
2-2: Strikes out looking
Batting: RHB Denis Menke 0-0: Ball
1-0: Foul Ball, location: 9LDF
1-1: Ball
2-1: Foul Ball, location: 5FF
2-2: Strikes out swinging
Batting: RHB Daniel Bonner 0-0: Ball
1-0: Called Strike
1-1: Ball
2-1: Swinging Strike
2-2: Ball
3-2: Ground out 4-3 (Groundball, 4S, EV 88.1 MPH)
Top of the 12th over - 0 runs, 2 hits, 0 errors, 2 left on base; Mission Bay 1 - Fresno 1
BOTTOM OF THE 12TH
Fresno Raisin Growers batting - Pitching for Mission Bay Mountain Ducks : RHP Bill Burbach
Batting: RHB Dusty Baker 0-0: Foul Ball, location: 5F
0-1: Ball
1-1: Ball
2-1: SOLO HOME RUN (Flyball, 7LD, EV 94.4 MPH), Distance : 342 ft
Bottom of the 12th over - 1 run, 1 hit, 0 errors, 0 left on base; Mission Bay 1 - Fresno 2
Thursday, May 2nd , 2024 - OOTP Baseball 24.8 Build 75